 Dungeon Crawl Stone Soup version 0.27.0-1-g7a089689b8 (webtiles) character file.

Game seed: 9006335632996649860

15 SnakkuSnakku7 the Chucker (level 2, 12/23 HPs)
             Began as a Draconian Arcane Marksman on Aug 7, 2021.
             Was an Initiate of Ashenzari.
             Got out of the dungeon alive.
             The game lasted 00:00:47 (674 turns).

SnakkuSnakku7 the Chucker (DrAM)                     Turns: 674, Time: 00:00:47

Health: 12/23      AC:  4    Str: 12    XL:     2   Next: 34%
Magic:  3/3        EV: 12    Int: 13    God:    Ashenzari [......]
Gold:   45         SH:  0    Dex: 11    Spells: 2/3 levels left

rFire    . . .     SeeInvis .   d - +0 short sword
rCold    . . .     Faith    .   (no shield)
rNeg     . . .     Spirit   .   (armour unavailable)
rPois    .         Reflect  .   (helmet restricted)
rElec    .         Harm     .   (no cloak)
rCorr    .         Rampage  .   (no gloves)
Will     .....                  (no boots)
Stlth    +.........             (no amulet)
HPRegen  0.07/turn              (no ring)
MPRegen  0.08/turn              (no ring)

@: no status effects
A: AC +4, unfitting armour, cold-blooded
a: Renounce Religion


You escaped.
You worshipped Ashenzari.
Ashenzari was noncommittal.
You visited 1 branch of the dungeon, and saw 1 of its levels.

You collected 45 gold pieces.

Inventory:

Hand Weapons
 c - a +0 dagger
 d - a +0 short sword (weapon)
Missiles
 a - 5 javelins (quivered)
 b - 2 throwing nets


   Skills:
 - Level 1.1 Fighting
 + Level 2.7 Throwing
 - Level 1.7 Dodging
 - Level 1.0 Spellcasting
 - Level 2.6 Hexes


You had 2 spell levels left.
You knew the following spells:

 Your Spells              Type           Power      Damage    Failure   Level
a - Corona                Hex            7%         N/A       10%         1

Your spell library contained the following spells:

 Spells                   Type           Power      Damage    Failure   Level
 Slow                     Hex            7%         N/A       14%         2
 Inner Flame              Hex/Fire       4%         N/A       43%         3
 Portal Projectile        Hex/Tloc       8%         N/A       43%         3
 Cause Fear               Hex            3%         N/A       67%         4


Dungeon Overview and Level Annotations

Branches:
Dungeon (1/15)

Altars:
Ashenzari


Innate Abilities, Weirdness & Mutations

Your plain brown scales are hard. (AC +4)
You cannot fit into any form of body armour.
You are cold-blooded and may be slowed by cold attacks.


Message History

The rat bites you.
* * * LOW HITPOINT WARNING * * *
You hit the rat.
You kill the rat!
Found a faded altar of an unknown god.
You now have 45 gold pieces (gained 9).
A bat comes into view.
A bat is nearby!
A bat is nearby!
A bat is nearby!
The bat closely misses you.
You barely miss the bat. You tail-slap the bat.
The bat is severely wounded.
The bat hits you but does no damage. The bat barely misses you.
The bat barely misses you. The bat barely misses you.
The bat closely misses you.
You are too injured to fight recklessly!
The bat closely misses you.
You barely miss the bat.
The bat is heavily wounded.
The bat closely misses you. The bat hits you but does no damage.
Found 31 arrows.
You miss the bat.
The bat is heavily wounded.
The bat hits you but does no damage. The bat barely misses you.
You hit the bat.
You kill the bat!
There is a faded altar of an unknown god here.
You cannot tell which god this altar belongs to.
Convert to them anyway?
Ashenzari accepts your prayer! Ashenzari welcomes you!
Ashenzari warns you of distant threats and treasures.
Ashenzari reveals the structure of the dungeon to you.
Ashenzari shows you where magical portals lie.
Ashenzari prevents you from stumbling into unseen traps.
Ashenzari identifies your possessions.
Unknown command.
Press < or > to pray at altars.
There is a staircase leading out of the dungeon here.
Are you sure you want to leave the Dungeon?
This will make you lose the game!
You have escaped!

.......... #.. ###.###
#########.. .#######.##...... #.
#.............รท.(# #####
#.(####......##....#...# ....#
#...........# ##...#...#
###.######...........##.##..#...#
............###.##.....##.......#
#....#.....##.....#........###..#
#....#....#.....@.##.......# #..#
#....#.....##.....#......(.# #..#
............###.##.....##..# #..#
###.###.##..........(##.##.###..#
#.###.##...........####.......#
#..##.##..####......##...###.##
##...#.##.#...#..###..........#
##..._.........#..# #..#.#.###.#
.........#.#..#...# #.##....##.##


There were no monsters in sight!

Vanquished Creatures
  A bat (D:1)
  2 endoplasms (D:1)
  A giant cockroach (D:1)
  A goblin (D:1)
  4 ball pythons (D:1)
  A kobold (D:1)
  6 rats (D:1)
16 creatures vanquished.

Notes
Turn   | Place    | Note
-------+----------+-------------------------------------------
     0 | D:1      | SnakkuSnakku7 the Draconian Arcane Marksman began the quest
                  | for the Orb.
     0 | D:1      | Reached XP level 1. HP: 16/16 MP: 2/2
   463 | D:1      | Reached XP level 2. HP: 14/23 MP: 3/3
   594 | D:1      | Found a faded altar of an unknown god.
   660 | D:1      | Became a worshipper of Ashenzari the Shackled
   674 | D:$      | Got out of the dungeon alive.

Illustrated notes

Levels and vault maps discovered:
D:1:      erik_arrival_blinker_ship, layout_loops_ring, basic_ecumenical_altar,
          chequers_serial_rivers_micro_c, lemuel_old_faithful

Skill      XL: |  1 |
---------------+----+-----
Throwing       | 2 |  2.7
Fighting       | |  1.1
Dodging        | |  1.7
Spellcasting   | |  1.0
Hexes          | |  2.6

Action                   || total
-------------------------++-------
Melee: Short sword       ||    42
       Dagger            ||    11
       Tailslap          ||     7
       Unarmed           ||     3
Armor: Skin              ||    14
Dodge: Dodged            ||    47
